 Dungeon Crawl Stone Soup version 0.16.1-2-g95b8d4c (webtiles) character file.

18104 Ololoev the Magus (level 12, -2/70 HPs)
             Began as a Kobold Artificer on Mar 25, 2015.
             Was an Elder of Nemelex Xobeh.
             Slain by an orc knight
             ... wielding a +0 great sword
              (29 damage)
             ... on level 3 of the Orcish Mines.
             The game lasted 01:21:29 (21238 turns).

Ololoev the Magus (Kobold Artificer)               Turns: 21238, Time: 01:21:29

Health: -2/70      AC: 22    Str: 12    XL:     12   Next: 90%
Magic:  37/37      EV: 22    Int:  9    God:    Nemelex Xobeh [****..]
Gold:   686        SH:  0    Dex: 21    Spells: 0 memorised, 11 levels left

rFire  + . .     SeeInvis +     a - +0 long sword (elec)
rCold  . . .     Clarity  .     I - +2 leather armour {rN+}
rNeg   + . .     SustAb   .     (no shield)
rPois  +         Gourm    .     g - +2 helmet {SInv}
rElec  .         Spirit   .     s - +1 cloak of Disguise {rPois rCorr MP+9 Str-3 Dex+4}
rCorr  +         Warding  .     r - +0 pair of gloves
rMut   .         Stasis   .     G - +2 pair of boots {Stlth+}
MR     .....                    (no amulet)
Stlth  +++.......               D - ring of protection from fire
                                u - +1 ring of protection

@: stone skin, darkness, drained, not resistant to hostile enchantments, fairly
stealthy
A: carnivore 3
a: Triple Draw, Deal Four, Renounce Religion


You were on level 3 of the Orcish Mines.
You worshipped Nemelex Xobeh.
Nemelex Xobeh was greatly pleased with you.
You were full.

You visited 2 branches of the dungeon, and saw 15 of its levels.

You collected 1074 gold pieces.
You spent 388 gold pieces at shops.

Notes
Turn   | Place    | Note
--------------------------------------------------------------
     0 | D:1      | Ololoev, the Kobold Artificer, began the quest for the Orb.
     0 | D:1      | Reached XP level 1. HP: 12/12 MP: 1/1
   431 | D:1      | Reached XP level 2. HP: 14/16 MP: 3/3
   512 | D:1      | Reached skill level 4 in Evocations
  1110 | D:1      | Reached XP level 3. HP: 20/20 MP: 5/5
  1821 | D:2      | Reached XP level 4. HP: 25/25 MP: 7/7
  1826 | D:2      | Reached skill level 5 in Evocations
  2338 | D:2      | Found an ancient bone altar of Kikubaaqudgha.
  3042 | D:3      | Reached XP level 5. HP: 18/29 MP: 9/9
  3252 | D:3      | Reached skill level 1 in Long Blades
  3349 | D:3      | Found a basalt altar of Yredelemnul.
  3789 | D:3      | Reached skill level 6 in Evocations
  3807 | D:3      | Reached XP level 6. HP: 34/34 MP: 12/12
  4326 | D:4      | Noticed Robin
  4767 | D:3      | Killed Robin
  5036 | D:3      | Reached XP level 7. HP: 30/38 MP: 14/14
  5413 | D:4      | Reached skill level 7 in Evocations
  5497 | D:4      | Found Dozalui's Elemental Accessories.
  6500 | D:4      | Noticed Blork the orc
  6502 | D:4      | Killed Blork the orc
  6502 | D:4      | Reached XP level 8. HP: 33/43 MP: 18/18
  6572 | D:4      | Found a deep blue altar of Sif Muna.
  6710 | D:5      | Entered Level 5 of the Dungeon
  6816 | D:5      | Found Ocefer's Magic Scroll Shop.
  6819 | D:5      | Bought a scroll of teleportation for 39 gold pieces
  6848 | D:5      | Found a sparkling altar of Nemelex Xobeh.
  6940 | D:5      | Became a worshipper of Nemelex Xobeh the Trickster
  7339 | D:5      | Reached skill level 5 in Long Blades
  7583 | D:5      | Found Fruxya's Jewellery Shop.
  7661 | D:5      | Reached skill level 8 in Evocations
  7702 | D:5      | Received a gift from Nemelex Xobeh
  8108 | D:5      | Found Xujeul's Antique Armour Shoppe.
  8209 | D:6      | Noticed Dowan
  8212 | D:6      | Noticed Duvessa
  8214 | D:6      | Noticed Sigmund
  8219 | D:6      | Killed Dowan
  8222 | D:6      | Killed Duvessa
  8226 | D:6      | Killed Sigmund
  8877 | D:6      | Reached XP level 9. HP: 34/47 MP: 20/20
  8893 | D:6      | Reached skill level 9 in Evocations
  9311 | D:6      | Found a white marble altar of Elyvilon.
  9617 | D:6      | Found a glowing golden altar of the Shining One.
  9617 | D:6      | Found a sacrificial altar of Ru.
 10253 | D:7      | Received a gift from Nemelex Xobeh
 11132 | D:7      | Found a staircase to the Ecumenical Temple.
 11277 | D:7      | Reached skill level 10 in Evocations
 11747 | D:8      | Got a slimy short sword
 11748 | D:8      | Identified the +0 short sword "Plog" {elec, +Fly rF+ rN++ Str-2 Stlth-} (You found it on level 8 of the Dungeon)
 12050 | D:8      | Noticed Edmund
 12064 | D:8      | HP: 2/47 [Edmund/wand of frost (11)]
 12081 | D:8      | Killed Edmund
 12081 | D:8      | Reached XP level 10. HP: 12/52 MP: 23/23
 12422 | D:8      | Found a sparkling altar of Nemelex Xobeh.
 12688 | D:8      | Received a gift from Nemelex Xobeh
 13414 | D:8      | Reached skill level 11 in Evocations
 14640 | D:9      | Received a gift from Nemelex Xobeh
 14698 | D:9      | Reached skill level 10 in Long Blades
 15348 | D:9      | Reached skill level 12 in Evocations
 15495 | D:9      | Reached XP level 11. HP: 11/57 MP: 25/25
 15628 | D:5      | Bought a smoking cloak for 237 gold pieces
 15633 | D:5      | Identified the +1 cloak of Disguise {rPois rCorr MP+9 Str-3 Dex+4} (You bought it in a shop on level 5 of the Dungeon)
 15633 | D:5      | Bought a pair of runed boots for 112 gold pieces
 15785 | D:10     | Entered Level 10 of the Dungeon
 15899 | D:10     | Received a gift from Nemelex Xobeh
 15952 | D:10     | Noticed a hill giant
 15972 | D:10     | Killed a hill giant
 16169 | D:10     | Acquired Nemelex Xobeh's first power
 16358 | D:10     | Found a staircase to the Orcish Mines.
 16613 | D:10     | Received a gift from Nemelex Xobeh
 16902 | D:10     | Received a gift from Nemelex Xobeh
 17003 | D:10     | Found a roughly hewn altar of Beogh.
 17183 | D:10     | Noticed a hill giant
 17231 | D:10     | Killed a hill giant
 17231 | D:10     | Reached skill level 5 in Dodging
 17353 | D:10     | Acquired Nemelex Xobeh's second power
 17459 | D:11     | Received a gift from Nemelex Xobeh
 17578 | D:11     | Found a staircase to the Lair.
 17579 | D:11     | Noticed a hill giant
 17624 | D:11     | Noticed an unseen horror
 17635 | D:11     | Killed an unseen horror
 17854 | D:11     | Killed a hill giant
 18087 | D:11     | Noticed an unseen horror
 18103 | D:11     | Killed an unseen horror
 18103 | D:11     | Reached skill level 13 in Evocations
 18103 | D:11     | Reached XP level 12. HP: 65/67 MP: 27/27
 18204 | D:11     | Noticed an eight-headed hydra
 18224 | D:11     | Killed an eight-headed hydra
 18605 | D:11     | Found a bloodstained altar of Trog.
 18615 | D:11     | Found a large runed door.
 18615 | D:11     | Found a large runed door.
 18631 | D:11     | Noticed an unseen horror
 18646 | D:11     | Killed an unseen horror
 18655 | D:11     | Reached skill level 5 in Fighting
 19332 | D:12     | Received a gift from Nemelex Xobeh
 19576 | D:12     | Drew Focus: Dex increased to 17, Int decreased to 9
 19577 | D:12     | Noticed an anaconda
 19577 | D:12     | a slime creature changed into an anaconda
 19577 | D:12     | Noticed an anaconda
 19577 | D:12     | a slime creature changed into an anaconda
 19609 | D:12     | Killed an anaconda
 19656 | D:12     | an anaconda changed into a water nymph
 19874 | Orc:1    | Entered Level 1 of the Orcish Mines
 20124 | Orc:1    | Received a gift from Nemelex Xobeh
 21238 | Orc:3    | Slain by an orc knight

Inventory:

Hand weapons
 a - a +0 long sword of electrocution (weapon)
 b - a +0 blowgun
 j - the +0 short sword "Plog" {elec, +Fly rF+ rN++ Str-2 Stlth-}
   (You found it on level 8 of the Dungeon)

   Occasionally, upon striking a foe, it will discharge some electrical energy
   and cause terrible harm.
   It affects your strength (-2).
   It protects you from fire.
   It greatly protects you from negative energy.
   It lets you fly.
   It makes you less stealthy.
Missiles
 v - 2 throwing nets (quivered)
 x - 15 poisoned needles
Armour
 g - a +2 helmet of see invisible (worn)
 r - a +0 pair of gloves (worn)
 s - the +1 cloak of Disguise (worn) {rPois rCorr MP+9 Str-3 Dex+4}
   (You bought it in a shop on level 5 of the Dungeon)

   It affects your strength (-3).
   It affects your dexterity (+4).
   It protects you from poison.
   It affects your magic capacity (+9).
   It protects you from acid and corrosion.
 G - a +2 pair of boots of stealth (worn)
 I - a +2 leather armour of positive energy (worn)
Jewellery
 u - a +1 ring of protection (left hand)
 D - a ring of protection from fire (right hand)
Magical devices
 c - a wand of enslavement (3)
 e - a wand of slowing (20)
 i - a wand of confusion (9)
 A - a wand of polymorph (9)
Scrolls
 q - a scroll of blinking
 y - 4 scrolls of remove curse
 z - 4 scrolls of teleportation
 F - 4 scrolls of recharging
 M - a scroll of fear
Potions
 d - a potion of agility
 l - 2 potions of haste
 m - 4 potions of curing
 n - a potion of ambrosia {unknown}
 o - 4 potions of restore abilities
 t - a potion of lignification
 C - a potion of heal wounds {unknown}
 K - 2 potions of cure mutation
Miscellaneous
 k - an ornate deck of war {drawn: 8}
 w - an ornate deck of war
Comestibles
 f - 9 meat rations
 h - 8 slices of pizza
 p - 4 beef jerkies

Table legend:
 A = Turns spent in this place as a percentage of turns spent in the entire game.
 B = Non-inter-level travel turns spent in this place as a percentage of non-inter-level travel turns spent in the entire game.
 C = Inter-level travel turns spent in this place as a percentage of turns spent in this place.
 D = Turns resting spent in this place as a percentage of non-inter-level travel turns spent in this place.
 E = Turns spent auto-exploring this place as a percentage of non-inter-level travel turns spent in this place.
 F = Non-inter-level travel turns spent in this place divided by the number of levels of this place that you've seen.
                   A       B       C       D       E      F
               +-------+-------+-------+-------+-------+----------------------
         Total | 100.0 | 100.0 |   0.7 |   4.4 |   7.1 | 427.1
       Dungeon |  90.1 |  90.1 |   0.7 |   4.5 |   7.2 | 481.1
  Orcish Mines |   9.9 |   9.9 |   0.5 |   3.3 |   6.2 | 211.0
               +-------+-------+-------+-------+-------+----------------------


   Skills:
 + Level 6.0(5.7) Fighting
 - Level 3.9(11.8) Short Blades
 * Level 12.0(11.6) Long Blades
 * Level 9.3(8.8) Dodging
 - Level 1.3(1.0) Stealth
 + Level 13.7(13.2) Evocations


You had 11 spell levels left.
You didn't know any spells.

Dungeon Overview and Level Annotations

Branches:
Dungeon (12/15)            Temple (0/1) D:7            Lair (0/8) D:11
    Orc (3/4) D:10
    Elf: Orc:3-4

Altars:
Elyvilon
Kikubaaqudgha
Nemelex Xobeh
Ru
Sif Muna
Trog
Yredelemnul
The Shining One
Beogh

Shops:
D:4 *   D:5 ?=[

Annotations:
D:7 exclusions: electric eel and 1 more exclusion


Innate Abilities, Weirdness & Mutations

You are small and have problems with some larger weapons.
You are carnivorous and can eat meat at any time.


Message History

The orc knight is lightly wounded.
You closely miss the orc knight.
The orc knight is lightly wounded.
The orc knight hits you with a great sword.
You closely miss the orc knight.
The orc knight is lightly wounded.
The orc knight completely misses you.
You hit the orc knight but do no damage.
There is a sudden explosion of sparks!
The orc knight is moderately wounded.
You hit the orc knight but do no damage.
The orc knight is moderately wounded.
The orc knight closely misses you.
You hit the orc knight.
The orc knight is moderately wounded.
The orc knight misses you.
You closely miss the orc knight.
The orc knight is moderately wounded.
You hit the orc knight.
There is a sudden explosion of sparks!
The orc knight is heavily wounded.
The orc knight hits you with a great sword!
You are too injured to fight recklessly!
You are too injured to fight recklessly!
You are too injured to fight recklessly!
You are too injured to fight recklessly!
You are too injured to fight recklessly!
Evoke which item? (* to show all) (? for menu, Esc to quit)
You draw a card...
It is the Shadow.
It gets dark.
The orc knight completely misses you.
Evoke which item? (* to show all) (? for menu, Esc to quit)
You draw a card...
It is the Helm.
Your skin hardens.
You closely miss the orc knight.
The orc knight is heavily wounded.
The orc knight hits you with a great sword.
You hit the orc knight but do no damage.
The orc knight is heavily wounded.
The orc knight hits you with a great sword!!
You die...
Your body glows with a rainbow of weird colours and disappears.

##### ##.#.##
#.....# ##.....##
#.#.....#
##......#
##.##...†..##
..$....o@<).#
........#)........
......##........
...### #........
.. ...(....>
#....... .$...#.
....## ...


You could see an orc knight.

Table legend:
 A = Kills in this place as a percentage of kills in entire the game.
 B = Kills by you in this place as a percentage of kills by you in the entire game.
 C = Kills by friends in this place as a percentage of kills by friends in the entire game.
 D = Other kills in this place as a percentage of other kills in the entire game.
 E = Experience gained in this place as a percentage of experience gained in the entire game.
 F = Experience gained in this place divided by the number of levels of this place that you have seen.
                   A       B       C       D       E      F
               +-------+-------+-------+-------+-------+----------------------
         Total | 100.0 | 100.0 | 100.0 | 100.0 | 100.0 | 1724.2
       Dungeon |  83.6 |  83.3 |  91.3 |  66.7 |  93.0 | 2004.3
  Orcish Mines |  16.4 |  16.7 |   8.7 |  33.3 |   7.0 | 603.7
               +-------+-------+-------+-------+-------+----------------------

Vanquished Creatures
  A hydra (D:11)
  An anaconda (D:12)
  3 unseen horrors (D:11)
  3 hill giants
  A griffon (D:12)
  An octopode (D:11)
  2 fire drakes (D:12)
  2 two-headed ogres (D:11)
  2 trolls
  2 slime creatures (D:12)
  A shadow (D:11)
  2 wraiths
  A water elemental (D:11)
  A hippogriff (D:9)
  A fire elemental (D:11)
  3 deep elf magi
  6 yaks
  A golden eye (D:11)
  A steam dragon (D:9)
  2 wyverns
  A mottled dragon (D:11)
  Edmund (D:8)
  12 orc warriors
  2 sky beasts
  2 ice beasts
  A dwarf (D:7)
  A dwarf (shapeshifter) (D:7)
  2 black bears
  3 phantoms
  A boggart (D:9)
  7 ogres
  6 centaurs
  Blork the orc (D:4)
  10 giant frogs
  3 scorpions
  9 killer bees
  8 wights (D:11)
  3 jellies
  Dowan (D:6)
  2 centaur skeletons
  3 goliath beetles
  An iron imp (D:7)
  4 two-headed ogre zombies (Orc:1)
  7 crimson imps
  6 hounds
  A giant frog skeleton (D:9)
  15 orc priests
  5 iguanas
  18 orc wizards
  13 worker ants
  A sheep (D:11)
  A hound zombie (D:5)
  A worker ant zombie (D:6)
  Robin (D:3)
  17 adders
  A river rat (D:11)
  A shadow imp (D:10)
  2 giant mites
  5 worms
  An adder skeleton (D:4)
  8 giant geckos
  An ooze (D:4)
  97 orcs
  3 ball pythons
  11 bats
  7 giant cockroaches
  20 goblins
  27 hobgoblins
  13 jackals
  3 quokkas
  A giant gecko zombie (D:9)
  5 giant newts
  A giant spore (D:12)
  A jackal skeleton (D:4)
  15 kobolds
  24 rats
  6 ballistomycetes (D:12)
460 creatures vanquished.

Vanquished Creatures (collateral kills)
  An anubis guard (D:12)
  An air elemental (D:11)
  4 yaks
  A necrophage (D:9)
  A centaur (D:7)
  An orc warrior (D:8)
  Sigmund (D:6)
  Duvessa (D:6)
  An earth elemental (D:11)
  A quasit (D:8)
  2 two-headed ogre zombies (Orc:1)
  A worker ant (D:9)
  A gnoll (D:3)
  A giant eyeball (D:9)
  2 jackals (D:2)
  A quokka (D:7)
  A giant cockroach (D:9)
  A rat (D:9)
23 creatures vanquished.

Vanquished Creatures (others)
  A dancing weapon (D:11)
  A rust devil (D:11)
  A hellwing (D:11)
  An air elemental (D:12)
  2 water elementals (D:12)
  A hell hound (D:11)
  3 centaurs (D:11)
  A killer bee (D:11)
  A hound (D:3)
  An adder (D:2)
  2 butterflies (D:4)
15 creatures vanquished.

Grand Total: 498 creatures vanquished

Action                   |  1- 3 |  4- 6 |  7- 9 | 10-12 || total
-------------------------+-------+-------+-------+-------++-------
Melee: Short sword       |    48 |       |       |       ||    48
       Dagger            |    63 |   222 |     9 |       ||   294
       Long sword        |       |       |   429 |   832 ||  1261
 Fire: Blowgun           |       |    36 |   160 |   198 ||   394
Throw: Throwing net      |       |       |       |     2 ||     2
Evoke: Wand              |     6 |     3 |    22 |    27 ||    58
       Deck              |       |       |    16 |    58 ||    74
  Use: Scroll            |       |     5 |     5 |    17 ||    27
       Potion            |       |     2 |     7 |       ||     9
 Stab: Sleeping          |     2 |     5 |    17 |    20 ||    44
       Distracted        |       |       |     3 |     6 ||     9
       Confused          |       |       |       |     5 ||     5
  Eat: Chunk             |     7 |    14 |    23 |    27 ||    71

Vault maps used:
D:1:      matt_arrival_spirals, hangedman_decor_growths
D:2:      nicolae_overflow_crystal_walls, first_bread, grunt_ministairs_14
D:3:      lemuel_round_altar, cheibrodos_gnoll_hut
D:4:      tgw_sif, nicolae_elemental_shop, uniq_robin
D:5:      nemelex_xobeh_ov_fountains_minmay, serial_shops,
          nicolae_shop_behind_doors, shop,
          nicolae_shop_competitors_out_of_business, grunt_ministairs_10,
          minmay_misc_feat_doors, kennysheep_generic_room_16
D:6:      lemuel_round_altar, gammafunk_temple_overflow_elements,
          grunt_ministairs_3, minivault_27, uniq_sigmund, uniq_duvessa
D:7:      minmay_temple_entry_nine_rooms, grunt_livestock, serial_bayou_ford_a
D:8:      kennysheep_another_room, minmay_liquid_box, grunt_ministairs_11,
          nemelex_spade_bored_becter, uniq_edmund
D:9:      nicolae_underground_beach
D:10:     minmay_orc_entry_temple_small
D:11:     david_lair_generic, basic_altar, lightli_elemental_guards
D:12:     uniq_fannar
Orc:1:    lemuel_ogre_cave, portal_ice_cave_entry_animals_and_master
Orc:3:    serial_shops, nicolae_shop_crystal, nicolae_orc_pool_cavern
